Map: Dusk Towers

Players

lfighterCN

  • Race: Zerg Zerg
  • League: Master

MorN - Winner!

  • Race: Terran Terran
  • League: Master

VOD

Have the link to the VOD?

Description

Time

  • Played on: Nov. 23, 2015, 8:47 p.m.
  • Length: 10:39
Show
View Real Time Build Order
Export as new Build Order

lfighterCN Zerg 

Build Orders: Hatch First, Muta Ling Bane 

Get SALT Encoding   

  12  0:00  Drone  
  13  0:08  Drone  
  14  0:17  Overlord  
  14  0:23  Drone, Extractor  
  15  0:36  Drone x2  
  17  0:54  Hatchery  
  17  0:55  Drone  
  17  0:59  Drone  
  18  1:05  Drone  
  19  1:16  Spawning Pool  
  18  1:19  Extractor  
  18  1:20  Drone  
  18  1:28  Drone  
  19  1:37  Drone  
  20  1:48  Overlord  
  20  2:03  Queen  
  20  2:06  Queen  
  20  2:07  Zergling x4  
  26  2:13  Drone  
  27  2:19  Metabolic Boost, Drone  
  28  2:35  Drone  
  29  2:41  Hatchery  
  27  2:45  Queen  
  27  2:47  Drone x2  
  31  2:57  Drone  
  31  2:58  Overlord  
  31  3:06  Drone  
  31  3:09  Drone  
  31  3:10  Drone x2  
  31  3:12  Zergling x2  
  36  3:15  Queen  
  36  3:28  Drone  
  36  3:29  Drone x2  
  37  3:34  Drone  
  37  3:35  Drone  
  39  3:44  Overlord  
  39  3:48  Extractor  
  38  3:49  Drone  
  38  3:50  Roach Warren  
  38  3:55  Drone  
  38  3:56  Drone x2  
  38  4:01  Queen  
  43  4:03  Drone  
  43  4:05  Drone  
  43  4:08  Drone  
  46  4:10  Drone  
  46  4:16  Lair  
  47  4:26  Evolution Chamber  
  47  4:29  Zergling x4  
  47  4:35  Overlord, Drone  
  47  4:36  Drone x2  
  50  4:45  Drone, Extractor  
  49  4:46  Drone x3, Extractor  
  49  4:49  Overlord  
  49  4:51  Drone  
  53  5:01  Evolution Chamber, Overlord  
  53  5:02  Drone  
  53  5:03  Drone  
  55  5:07  Drone x2  
  55  5:18  Baneling Nest  
  55  5:21  Spire  
  53  5:24  Drone x7  
  53  5:27  Extractor  
  59  5:29  Extractor  
  59  5:30  Drone x2  
  60  5:41  Drone  
  60  5:42  Drone x5  
  66  5:46  Zerg Ground Armor Level 1  
  66  5:52  Zergling x2  
  66  5:53  Zergling x6  
  70  6:00  Overlord  
  70  6:08  Overseer  
  70  6:11  Centrifical Hooks  
  70  6:14  Zerg Melee Weapons Level 1  
  68  6:21  Drone x9  
  68  6:22  Drone x2  
  79  6:31  Overlord  
  79  6:32  Mutalisk x3  
  85  6:41  Baneling x7  
  85  6:42  Overlord  
  85  6:43  Overseer  
  85  6:44  Mutalisk  
  87  6:47  Overlord  
  87  6:48  Drone  
  87  6:49  Drone  
  89  6:57  Mutalisk  
  89  6:58  Infestation Pit  
  90  7:04  Mutalisk  
  92  7:09  Hatchery  
  92  7:10  Overseer  
  92  7:15  Mutalisk  
  91  7:17  Zergling x10  
  98  7:27  Overlord  
  98  7:32  Hatchery, Mutalisk x2  
  98  7:33  Zergling x4  
  98  7:35  Hive  
  103  7:42  Zergling x8  
  103  7:43  Baneling x4  
  107  7:54  Zergling x2  
  107  7:55  Mutalisk  
  107  7:57  Zergling x12  
  96  8:06  Zergling x4  
  96  8:10  Zergling x2  
  84  8:25  Zergling x2  
  84  8:26  Zergling x6  
  77  8:28  Zergling x2  
  77  8:30  Zergling x2  
  74  8:38  Zergling x4  
  74  8:45  Zergling x8  
  74  8:47  Baneling x6  
  73  8:51  Hatchery  
  73  8:54  Drone x3  
  75  8:59  Ultralisk Cavern  
  75  9:00  Mutalisk  
  75  9:02  Mutalisk  
  76  9:09  Overlord  
  78  9:15  Queen  
  78  9:16  Drone  
  83  9:17  Drone x2  
  83  9:30  Baneling x2  
  83  9:31  Baneling x6  
  83  9:33  Zergling x8  
  83  9:36  Zergling x2  
  83  9:37  Zergling x2  
  89  9:46  Baneling x3  
  89  9:49  Zergling x12  
  89  10:02  Zergling x6  
  79  10:10  Baneling x8  
  79  10:11  Zergling x6  
  79  10:17  Zergling x6  
  79  10:18  Baneling  
  79  10:19  Baneling  
  79  10:21  Zergling x2  
  79  10:22  Zergling x2  
Show
View Real Time Build Order
Export as new Build Order

MorN Terran - Winner!

Build Orders: Reaper Expand, MMM Bio 

Get SALT Encoding   

  12  0:00  SCV  
  13  0:13  SCV  
  14  0:17  Supply Depot  
  14  0:26  SCV  
  15  0:39  SCV  
  15  0:40  Barracks  
  16  0:51  SCV  
  16  0:53  Refinery  
  17  1:03  SCV  
  18  1:15  SCV  
  19  1:29  Orbital Command  
  19  1:37  Command Center, Reaper  
  20  1:50  Supply Depot  
  20  1:55  SCV  
  21  2:09  Reaper  
  21  2:12  SCV  
  23  2:24  SCV  
  24  2:32  Command Center, Factory  
  24  2:49  SCV, Refinery  
  24  2:50  Orbital Command  
  25  3:06  Barracks Reactor  
  25  3:08  SCV  
  25  3:34  Factory Tech Lab  
  25  3:35  Starport  
  25  3:37  SCV  
  25  3:38  SCV  
  27  3:45  Orbital Command, Marine x2  
  29  3:49  SCV  
  29  3:50  SCV  
  31  4:01  SCV  
  31  4:02  SCV, Marine x2  
  33  4:03  Siege Tank  
  38  4:13  SCV  
  39  4:19  SCV  
  39  4:21  SCV  
  39  4:23  Supply Depot, Refinery  
  41  4:24  Refinery  
  41  4:25  SCV  
  41  4:26  Engineering Bay x2  
  42  4:34  SCV, Medivac  
  42  4:35  SCV  
  42  4:37  SCV  
  46  4:46  Factory Reactor  
  46  4:48  SCV  
  46  4:49  SCV x2, Barracks  
  46  4:50  Barracks  
  49  4:56  Terran Infantry Weapons Level 1, Supply Depot  
  49  5:01  SCV x2  
  49  5:02  Terran Infantry Armor Level 1, SCV  
  52  5:12  Stimpack  
  52  5:13  SCV x2  
  54  5:14  SCV  
  55  5:24  Marine  
  55  5:25  SCV, Starport Reactor  
  55  5:26  Supply Depot  
  58  5:28  SCV  
  58  5:29  Barracks  
  58  5:30  SCV  
  58  5:31  Barracks  
  58  5:33  Supply Depot  
  59  5:40  SCV, Supply Depot  
  59  5:41  Marine x2  
  62  5:43  Factory Reactor, Marine x3  
  62  5:46  SCV  
  66  5:51  Supply Depot  
  66  5:52  Orbital Command  
  66  5:56  SCV  
  68  5:59  Marine x2  
  68  6:04  Marine x3  
  72  6:16  SCV, Armory  
  72  6:17  Marine x2  
  75  6:19  SCV x2  
  75  6:20  Widow Mine x2  
  75  6:21  Barracks Reactor x2, Marine  
  75  6:22  Marine x2  
  75  6:24  Medivac  
  86  6:32  SCV x2  
  88  6:35  Barracks, Marine  
  88  6:37  Barracks  
  88  6:38  Command Center, Barracks, Medivac  
  91  6:40  Marine x2  
  91  6:42  SCV  
  91  6:44  SCV  
  95  6:47  SCV  
  95  6:49  Refinery  
  95  6:51  Supply Depot  
  95  6:54  SCV, Marine, Medivac  
  97  6:55  Widow Mine  
  104  7:01  Marauder  
  104  7:02  Marine  
  104  7:08  Medivac  
  107  7:12  SCV  
  108  7:16  Supply Depot, Marine  
  108  7:17  Supply Depot, Marine x3  
  108  7:21  Missile Turret  
  114  7:23  Marauder  
  114  7:24  Marine x3  
  114  7:25  Barracks Tech Lab x2  
  114  7:26  Barracks Tech Lab  
  117  7:32  SCV x2  
  117  7:33  Terran Infantry Weapons Level 2  
  117  7:35  Supply Depot, Terran Infantry Armor Level 2  
  119  7:38  SCV  
  119  7:41  Supply Depot  
  119  7:42  Combat Shields  
  119  7:43  Medivac  
  124  7:44  Marauder  
  124  7:48  Marine x4  
  124  7:49  Marauder  
  125  8:00  Marine  
  125  8:01  Marauder, Marine x2  
  131  8:05  Marauder  
  131  8:11  Missile Turret  
  123  8:17  Marine x4  
  123  8:18  Marauder x2  
  131  8:23  Marine x2, Medivac x2  
  131  8:24  Marauder  
  138  8:27  Marauder  
  131  8:36  Marine x2  
  131  8:37  Marine  
  131  8:38  Widow Mine x2, Marine x3  
  131  8:40  Marauder x2  
  143  8:42  Supply Depot x2  
  137  8:52  Marine x3  
  137  8:53  Marauder, Medivac x2  
  146  8:55  Planetary Fortress  
  144  9:03  Marine  
  144  9:04  Marauder, Marine x2  
  149  9:11  Marine x2  
  149  9:12  Marauder x2  
  149  9:14  Marauder  
  149  9:16  Supply Depot, Missile Turret  
  157  9:19  SCV  
  157  9:22  Marine x2  
  160  9:24  SCV  
  160  9:25  SCV  
  160  9:26  Marauder  
  160  9:27  Marine x2  
  166  9:32  Marine x2  
  166  9:34  Marauder x2  
  166  9:36  Marauder  
  166  9:38  Marine  
  175  9:42  Marine x2  
  175  9:45  Marine  
  177  9:47  Marauder  
  177  9:48  Marine x2  
  177  9:49  Marine  
  177  9:50  Marine  
  184  9:55  Marauder x2  
  184  9:57  Marauder  
  184  9:58  Marine  
  191  10:00  Marine  
  182  10:08  Marauder  
  182  10:10  Marine x2  
  182  10:11  Marine  
  182  10:13  Marine x3  
  190  10:16  Marauder x2, Marine  
  190  10:18  Marine  
Tags
 
Add a new tag
Caveats
  • Supply blocks, unpowered buildings, or Contaminate may cause inaccurate times.
  • Supply counts are checked every 10 seconds.